 Dungeon Crawl Stone Soup version 0.21-a0-405-gf2af9a1 (webtiles) character file.

61 FerrousOx the Sneak (level 3, 0/16 HPs)
             Began as a Spriggan Enchanter on Nov 1, 2017.
             Was an Initiate of Ru.
             Slain by a bat (1 damage)
             ... on level 2 of the Dungeon.
             The game lasted 00:04:40 (1348 turns).

FerrousOx the Sneak (Spriggan Enchanter)            Turns: 1348, Time: 00:04:41

Health: 0/16       AC:  2    Str:  4    XL:     3   Next: 83%
Magic:  2/8        EV: 18    Int: 16    God:    Ru [......]
Gold:   63         SH:  0    Dex: 17    Spells: 4/7 levels left

rFire    . . .     SeeInvis +   a - +1 dagger
rCold    . . .     Gourm    .   (shield restricted)
rNeg     . . .     Faith    .   b - +0 robe
rPois    .         Spirit   .   (helmet restricted)
rElec    .         Reflect  .   (no cloak)
rCorr    .         Harm     .   (gloves unavailable)
MR       +....                  (boots unavailable)
Stlth    +++.......             (no amulet)
HPRegen  0.05/turn              k - ring of protection from magic
MPRegen  0.11/turn              (no ring)

@: very quick
A: unfitting armour, see invisible, herbivore 3, speed 3, slow metabolism 2
a: Renounce Religion


You were on level 2 of the Dungeon.
You worshipped Ru.
Ru was noncommittal.
You were not hungry.

You visited 1 branch of the dungeon, and saw 2 of its levels.

You collected 63 gold pieces.

Inventory:

Hand Weapons
 a - a +1 dagger (weapon)
Armour
 b - a +0 robe (worn)
Jewellery
 k - a ring of protection from magic (left hand)
Scrolls
 e - a scroll of fog {unknown}
 h - a scroll of amnesia {unknown}
 i - a scroll of remove curse {unknown}
Potions
 g - 2 potions of degeneration {unknown}
 j - 2 potions of magic {unknown}
Books
 c - a book of Maledictions

   Spells                             Type                      Level
   a - Corona                         Hexes                        1
   b - Ensorcelled Hibernation        Hexes/Ice                    2
   c - Confuse                        Hexes                        3
   d - Tukima's Dance                 Hexes                        3
   e - Dazzling Spray                 Conjuration/Hexes            3
Comestibles
 d - a bread ration
 f - a royal jelly


   Skills:
 + Level 0.1 Fighting
 * Level 1.9 Short Blades
 - Level 3.0 Dodging
 * Level 6.1 Stealth
 + Level 2.8 Spellcasting
 + Level 4.1 Hexes
 + Level 0.4 Ice Magic


You had 4 spell levels left.
You knew the following spells:

 Your Spells              Type           Power        Failure   Level  Hunger
a - Corona                Hex            ###....      3%          1    #......
b - Ensorcelled Hibernat  Hex/Ice        #.....       11%         2    ##.....


Dungeon Overview and Level Annotations

Branches:
Dungeon (2/15)

Altars:
Ru


Innate Abilities, Weirdness & Mutations

You are very small and have problems with some larger weapons.
You are too small for most types of armour.
You have supernaturally acute eyesight. (SInv)
You are a herbivore.
You cover ground extremely quickly.
You need consume almost no food.


Message History

Confirm with . or Enter, or press ? or * to list all spells.
Aiming: Ensorcelled Hibernation
Press: ? - help, Shift-Dir - straight line, f - hobgoblin
Aim: a hobgoblin, wielding a club (moderately wounded, chance to defeat MR: 58%)
The hobgoblin looks drowsy...
The hobgoblin shouts!
You hit the hobgoblin but do no damage.
The hobgoblin is moderately wounded.
The hobgoblin misses you.
Casting: Ensorcelled Hibernation
Confirm with . or Enter, or press ? or * to list all spells.
You don't have enough magic to cast that spell.
Unknown command.
The bat hits you but does no damage. The bat hits you.
* * * LOW HITPOINT WARNING * * *
The bat misses you. The bat barely misses you. The bat hits you.
You die...

#..............#
#.#.######.#####.######
#........#%# #........#
#..........# #.#%######
#.#.####.#.# #.......†.
.......#.### #...#####.
#....#.# #...# #. ##
#....#.#####...# #.. ..
#(..@b...g.....# #..
###. #...##.######..#
#.. #.... #....#.# #..#
#.. #.#...####.#.# #..#
#.. #......%.....# ..#
### ###.#.####.### ..#
# #%# ... #.### #.#..


You could see a hobgoblin and a bat.

Vanquished Creatures
  An adder (D:2)
  An adder zombie (D:2)
  3 worms (D:2)
  3 dart slugs
  A ball python (D:1)
  7 bats
  4 giant cockroaches (D:1)
  2 goblins (D:1)
  3 hobgoblins
  5 kobolds (D:1)
  3 frilled lizards
  2 rats (D:1)
35 creatures vanquished.

Vanquished Creatures (others)
  A ghoul (D:1)
  An octopode (D:1)
  A draconian (D:1)
  A gargoyle (D:1)
  A vine stalker (D:1)
  A spriggan (D:1)
  A vampire (D:1)
  2 humans (D:1)
  A dwarf (D:1)
  An ogre (D:1)
  A centaur (D:1)
  2 orcs (D:1)
  A kobold (D:1)
  6 tentacles (D:1)
21 creatures vanquished.

Grand Total: 56 creatures vanquished

Notes
Turn   | Place    | Note
-------+----------+-------------------------------------------
     0 | D:1      | FerrousOx the Spriggan Enchanter began the quest for the Orb.
     0 | D:1      | Reached XP level 1. HP: 9/9 MP: 5/5
     2 | D:1      | Noticed a ghoul
     2 | D:1      | Noticed a gargoyle
     2 | D:1      | Noticed a spriggan
     2 | D:1      | Noticed an octopode
     2 | D:1      | Noticed a vine stalker
     2 | D:1      | Noticed a kraken
     2 | D:1      | Noticed a human
     2 | D:1      | Noticed a draconian
     2 | D:1      | Noticed a centaur
     2 | D:1      | Noticed a human
     2 | D:1      | Noticed an ogre
     2 | D:1      | Noticed a vampire
     2 | D:1      | Noticed a dwarf
     3 | D:1      | Killed an ogre
     7 | D:1      | Killed a centaur
    12 | D:1      | Killed a human
    13 | D:1      | Killed an octopode
    17 | D:1      | Killed a vampire
    18 | D:1      | Killed a draconian
    20 | D:1      | Killed a dwarf
    21 | D:1      | Killed a gargoyle
    25 | D:1      | Killed a human
    26 | D:1      | Killed a spriggan
    30 | D:1      | Killed a vine stalker
    33 | D:1      | Killed a ghoul
   168 | D:1      | Reached skill level 5 in Stealth
   194 | D:1      | Reached XP level 2. HP: 13/13 MP: 6/6
   665 | D:1      | Learned a level 2 spell: Ensorcelled Hibernation
   877 | D:1      | Reached XP level 3. HP: 16/16 MP: 5/8
   988 | D:2      | Found a sacrificial altar of Ru.
  1037 | D:2      | Became a worshipper of Ru the Awakened
  1298 | D:2      | Reached skill level 6 in Stealth
  1348 | D:2      | Slain by a bat

Vault maps used:
D:1:      nicolae_arrival_kraken_aquarium_b
D:2:      lemuel_round_altar, nicolae_ru_awakened_eye

Skill      XL: |  1  2  3 |
---------------+----------+-----
Stealth        | 5 6 |  6.1
Hexes          | 4 |  4.1
Fighting       | |  0.1
Short Blades   | |  1.9
Dodging        | |  3.0
Spellcasting   | |  2.8
Ice Magic      | |  0.4

Action                   || total
-------------------------++-------
Melee: Dagger            ||   124
 Cast: Corona            ||     1
       Ensorcelled Hiber ||    16
 Stab: Sleeping          ||    21
Armor: Robe              ||    19
Dodge: Dodged            ||   110

Table legend:
 A = Spawn XP
 B = Non-spawn XP
 C = Spawn XP percentage of total XP
 D = Spawn monster count
 E = Non-spawn monster count
 F = Spawn count percentage of total count
 G = Total turns spent on level
                    A         B        C        D         E        F      G
               +---------+---------+-------+---------+---------+-------+---------
         Total |       0 |      88 |   0.0 |       0 |      35 |   0.0 |  1348
               +---------+---------+-------+---------+---------+-------+---------
           D:1 |       0 |      43 |   0.0 |       0 |      24 |   0.0 |   939
           D:2 |       0 |      45 |   0.0 |       0 |      11 |   0.0 |   409
               +---------+---------+-------+---------+---------+-------+---------
